 Dungeon Crawl Stone Soup version 0.30.0-5-g1a98f26d00 (webtiles) character file.

Game seed: 3172062028782847187

15 RascalDebosk the Magician (level 2, -3/23 HPs)
             Began as a Djinni Warper on May 9, 2023.
             Frozen to death by an endoplasm (6 damage)
             ... on level 1 of the Dungeon.
             The game lasted 00:03:21 (434 turns).

RascalDebosk the Magician (Djinni Warper)            Turns: 434, Time: 00:03:21

Health: -3/23      AC:  3    Str: 10    XL:     2   Next: 65%
Gold:   35         EV: 11    Int: 14    God:
                   SH:  0    Dex: 12

rFire   + + .        a - +0 falchion
rCold   x . .        (no shield)
rNeg    . . .        b - +0 leather armour
rPois   ∞            (no helmet)
rElec   .            (no cloak)
rCorr   .            (no gloves)
SInv    .            (boots unavailable)
Will    .....        (no amulet)
Stlth   +            (no ring)
HPRegen 0.23/turn    (no ring)
MPRegen 0.00/turn

%: infuse magic (-4 HP)
@: flying
A: sickness immunity, fire resistance 2, cold vulnerability 1, float, innate
caster, HP casting, extra vitality 1
a: no special abilities


You were on level 1 of the Dungeon.
You visited 1 branch of the dungeon, and saw 1 of its levels.

You collected 35 gold pieces.

Inventory:

Hand Weapons
 a - a +0 falchion (weapon)
Missiles
 d - 7 boomerangs of dispersal (quivered)
Armour
 b - a +0 leather armour (worn)
Scrolls
 g - a scroll of blinking
Potions
 c - a potion of brilliance {unknown}
 e - a potion of flight {unknown}


   Skills:
 - Level 2.0 Fighting
 - Level 1.7 Long Blades
 - Level 0.7 Throwing
 - Level 1.0 Armour
 - Level 2.1 Dodging
 * Level 3.0 Spellcasting


You knew the following spells:

 Your Spells              Type           Power      Damage    Failure   Level
a - Blink                 Tloc           20%        N/A       13%         2
b - Lesser Beckoning      Tloc           20%        N/A       13%         2
c - Vhi's Electric Charg  Tloc/Air       20%        N/A       26%         3
d - Teleport Other        Tloc           10%        N/A       26%         3
e - Manifold Assault      Tloc           10%        N/A       63%         4
Your spell library was empty.

Dungeon Overview and Level Annotations

Branches:
Dungeon (1/15)

Altars:


Innate Abilities, Weirdness & Mutations

You are immune to sickness and miasma.
You are immune to poison.
Your flesh is very heat resistant. (rF++)
You are vulnerable to cold. (rC-)
You float through the air rather than walking.
You learn spells naturally, not from books.
Your magical power is your life essence.
You have superior vitality. (+4 MHP)


Message History

The quokka barely misses you. The quokka bites you.
You completely miss the quokka. You punch the quokka.
The quokka is almost dead.
The quokka bites you.
You closely miss the quokka.
The quokka is almost dead.
The quokka bites you.
You closely miss the quokka.
The quokka is almost dead.
The quokka barely misses you. The quokka bites you.
You barely miss the quokka.
The quokka is almost dead.
The quokka closely misses you.
You barely miss the quokka.
The quokka is almost dead.
The quokka bites you.
* * * LOW HITPOINT WARNING * * *
The quokka bites you.
* * * LOW HITPOINT WARNING * * *
You hit the quokka but do no damage.
The quokka is almost dead.
The quokka bites you.
* * * LOW HITPOINT WARNING * * *
You hit the quokka.
You kill the quokka!
You see here a quokka corpse.
You start resting.
HP restored.
A goblin comes into view. It is wielding a +0 dagger.
Found 9 stones.
You see here a ring of poison resistance.
Found 10 gold pieces.
The goblin shouts!
You hear a shout!
An endoplasm and a hobgoblin come into view.
Found a ring mail.
The hobgoblin shouts!
A frilled lizard comes into view.
The frilled lizard hisses angrily.
You hit the goblin but do no damage.
A frilled lizard comes into view.
The goblin hits you with a +0 dagger.
You barely miss the goblin.
The frilled lizard hisses angrily.
The goblin hits you but does no damage.
You hit the goblin.
The goblin is moderately wounded.
The goblin completely misses you.
You hit the goblin.
You kill the goblin!
The endoplasm hits you but does no damage.
The hobgoblin hits you but does no damage.
There are monsters nearby!
There are monsters nearby!
The endoplasm attacks as you move away! The endoplasm closely misses you.
The hobgoblin attacks as you move away! The hobgoblin hits you.
You hit the hobgoblin.
The hobgoblin is almost dead.
The endoplasm hits you. The hobgoblin barely misses you.
You closely miss the hobgoblin.
The hobgoblin is almost dead.
The endoplasm freezes you.
You are frozen.
You feel a terrible chill!
The hobgoblin hits you but does no damage.
You barely miss the hobgoblin.
The hobgoblin is almost dead.
The frilled lizard closely misses you. The endoplasm barely misses you.
The hobgoblin closely misses you.
You barely miss the hobgoblin.
The hobgoblin is almost dead.
The endoplasm hits you but does no damage.
The hobgoblin barely misses you.
You closely miss the hobgoblin.
The hobgoblin is almost dead.
The endoplasm misses you. The frilled lizard closely misses you.
The frilled lizard bites you but does no damage.
The hobgoblin hits you.
The frilled lizard bites you but does no damage.
The frilled lizard bites you.
The hobgoblin hits you but does no damage.
The endoplasm hits you but does no damage.
You closely miss the hobgoblin.
The hobgoblin is almost dead.
The frilled lizard bites you. The endoplasm hits you.
* * * LOW HITPOINT WARNING * * *
The frilled lizard bites you.
* * * LOW HITPOINT WARNING * * *
The hobgoblin hits you but does no damage.
You hit the hobgoblin but do no damage.
The hobgoblin is almost dead.
The frilled lizard bites you.
* * * LOW HITPOINT WARNING * * *
The frilled lizard barely misses you. The endoplasm barely misses you.
The hobgoblin barely misses you.
You barely miss the hobgoblin.
The hobgoblin is almost dead.
The frilled lizard closely misses you. The frilled lizard bites you.
* * * LOW HITPOINT WARNING * * *
The endoplasm freezes you.
You are frozen.
You feel a terrible chill!
You die...

..........# #
..........### #
......).....### .#
#.......# #.# #.......#
#.# #...=...# #..
##.......## #.#
######lgJ....†.#######.#
#.....l@###.##.#........
#.#.........##.#.####..#
#..............# #...
#..(.........##### #...
###....#.....# ##.#
#..........# ###..
#..........# #....
####.##....# #####....
#.# #........


You could see an endoplasm, a hobgoblin and 2 frilled lizards.

Vanquished Creatures
  A dart slug (D:1)
  An endoplasm (D:1)
  A giant cockroach (D:1)
  2 goblins (D:1)
  2 kobolds (D:1)
  2 quokkas (D:1)
  2 rats (D:1)
11 creatures vanquished.

Notes
Turn   | Place    | Note
-------+----------+-------------------------------------------
     0 | D:1      | RascalDebosk the Djinni Warper began the quest for the Orb.
     0 | D:1      | RascalDebosk set off with the following spells memorised:
                  | Blink, Lesser Beckoning, Vhi's Electric Charge, Teleport
                  | Other, Manifold Assault.
     0 | D:1      | Reached XP level 1. HP: 18/18 MP: 0/0
   134 | D:1      | Reached XP level 2. HP: 12/23 MP: 0/0
   294 | D:1      | Reached skill level 3 in Spellcasting
   434 | D:1      | Frozen to death by an endoplasm

Illustrated notes

Levels and vault maps discovered:
D:1:      scummos_arrival_star, layout_basic

Skill      XL: |  1  2 |
---------------+-------+-----
Spellcasting   | 3 |  3.0
Fighting       | |  2.0
Long Blades    | |  1.7
Throwing       | |  0.7
Armour         | |  1.0
Dodging        | |  2.1

Action                     || total
---------------------------++-------
  Melee: Falchion          ||    44
         Punch             ||     1
 Armour: Leather armour    ||    13
  Dodge: Dodged            ||    29
